 Dungeon Crawl Stone Soup version 0.30-a0-949-g53dc5368d7 (webtiles) character file.

Game seed: 9650283541687276501

1947 Newt the Skirmisher (level 9, -3/48 HPs)
             Began as a Kobold Hunter on Mar 27, 2023.
             Was a Follower of Hepliaklqana.
             Slain by an orc warrior
             ... wielding a +0 war axe
              (13 damage)
             ... on level 6 of the Dungeon.
             The game lasted 00:06:58 (5916 turns).

Newt the Skirmisher (Kobold Hunter)                 Turns: 5916, Time: 00:06:59

Health: -3/48      AC:  8    Str:  8    XL:     9   Next: 41%
Magic:  9/9        EV: 18    Int: 10    God:    Hepliaklqana [*.....]
Gold:   299        SH:  0    Dex: 23    Spells: 8/8 levels left

rFire   . . .      SeeInvis .    a - +1 shortbow
rCold   . . .      Faith    .    (shield currently unavailable)
rNeg    . . .      Spirit   .    r - +0 leather armour {rPois}
rPois   +          Reflect  .    (no helmet)
rElec   .          Rampage  .    p - +2 cloak
rCorr   .                        (no gloves)
Will    .....                    i - +1 pair of boots
Stlth   +++                      k - amulet of the acrobat
HPRegen 0.28/turn                (no ring)
MPRegen 0.11/turn                (no ring)

@: no status effects
A: reduced essence, small, no large weapons, nightstalker 3
a: Renounce Religion, Recall Ancestor, Ancestor Identity


You were on level 6 of the Dungeon.
You worshipped Hepliaklqana.
Hepliaklqana was aware of your devotion.
You visited 2 branches of the dungeon, and saw 7 of its levels.
You also visited: Sewer.

You collected 383 gold pieces.
You spent 84 gold pieces at shops.

Inventory:

Hand Weapons
 a - a +1 shortbow (weapon)
Missiles
 j - 5 boomerangs of dispersal
Armour
 c - a +0 leather armour
 d - a +0 cloak
 i - a +1 pair of boots (worn)
 p - a +2 cloak (worn)
 r - a +0 leather armour of poison resistance (worn)
Jewellery
 k - an amulet of the acrobat (around neck)
 q - a ring of resist corrosion
Wands
 o - a wand of flame (10)
Scrolls
 b - a scroll of immolation
 l - 6 scrolls of teleportation
 m - 3 scrolls of identify
Potions
 e - 3 potions of might
 g - a potion of ambrosia
 h - 5 potions of flight
 n - 2 potions of curing
 s - a potion of magic
 t - a potion of brilliance {unknown}


   Skills:
 - Level 5.0 Fighting
 + Level 12.1 Ranged Weapons
 - Level 6.0 Dodging
 - Level 1.3 Stealth
 - Level 6.0 Evocations


You had 8 spell levels left.
You didn't know any spells.
Your spell library contained the following spells:

 Spells                   Type           Power      Damage    Failure   Level
 Blink                    Tloc           0%         N/A       63%         2
 Manifold Assault         Tloc           0%         N/A       99%         4
 Blade Hands              Tmut           0%         N/A       100%        5
 Irradiate                Conj/Tmut      0%         3d11      100%        5
 Dragon Form              Tmut           0%         N/A       100%        7
 Storm Form               Tmut/Air       0%         N/A       100%        7


Dungeon Overview and Level Annotations

Branches:
Dungeon (6/15)             Temple (1/1) D:4           Sewer (visited)

Altars:
Ashenzari
Cheibriados
Elyvilon
Fedhas
Gozag
Hepliaklqana
Kikubaaqudgha
Makhleb
Nemelex Xobeh
Okawaru
Qazlal
Ru
Sif Muna
Trog
Wu Jian
Xom
Yredelemnul
Zin
The Shining One

Shops:
D:6 ?


Innate Abilities, Weirdness & Mutations

Your life essence is reduced to manifest your ancestor. (-10% HP)
You are small and have problems with some larger weapons.
You are completely attuned to the shadows.


Message History

You shoot an arrow. The arrow hits the orc warrior.
The orc warrior is lightly wounded.
The orc warrior hits you with a +0 short sword.
The orc warrior barely misses you.
You shoot an arrow. The arrow hits the orc warrior.
The orc warrior is moderately wounded.
The orc warrior hits you with a +0 short sword.
The orc warrior hits you with a +0 war axe!
* * * LOW HITPOINT WARNING * * *
As you read the scroll of fear, it crumbles to dust.
You assume a fearsome visage.
The orc warrior looks frightened!
The orc looks frightened! x2; The orc warrior looks frightened!
Unknown command.
There is an open door here.
Fire: a) +1 shortbow
Press: ? - help, Shift-Dir - straight line, f/p - orc warrior
Aim: an orc warrior, wielding a +0 war axe and wearing a +0 chain mail (moderately wounded, 69% to hit)
You shoot an arrow. The arrow hits the orc warrior.
The orc warrior is moderately wounded.
Unknown command.
Fire: a) +1 shortbow
Press: ? - help, Shift-Dir - straight line, f/p - orc warrior
Aim: an orc warrior, wielding a +0 war axe and wearing a +0 chain mail (moderately wounded, 69% to hit)
You shoot an arrow. The arrow hits the orc warrior.
The orc warrior is heavily wounded.
Unknown command.
Fire: a) +1 shortbow
Press: ? - help, Shift-Dir - straight line, f/p - orc warrior
Aim: an orc warrior, wielding a +0 war axe and wearing a +0 chain mail (heavily wounded, 69% to hit)
You shoot an arrow. The arrow hits the orc warrior.
The orc warrior is heavily wounded.
The orc warrior hits you with a +0 war axe.
* * * LOW HITPOINT WARNING * * *
Fire: a) +1 shortbow
Press: ? - help, Shift-Dir - straight line, f/p - orc warrior
Aim: an orc warrior, wielding a +0 war axe and wearing a +0 chain mail (heavily wounded, 69% to hit)
You shoot an arrow.
The arrow barely misses the orc warrior.
The orc warrior hits you with a +0 war axe!
You die...

.......## +#...#'#.#####
........+ .....R.#.'...+
......### ###.).#####...##
......# #.+...'.#.......
......#+# #+#.#####.#+#...#+
........# #.....#.....#.))#.
........# ##.....+.....##'##.
.......## .##.....#.....#...#.
.......###..#@#.#####.#+#...#R
#####......##o#.'...'.#.......
#....o^##.###...#####...##
#......##.#.......# +...+.
#.........#+#...#+# #####.
#.(....###..#...# # #).)...#
##.##+## # ......# ### ..
.....# ..


You could see an orc warrior.

Vanquished Creatures
  Sigmund (D:3)
  A black bear (D:5)
  A sky beast (D:6)
  3 ogres
  4 phantoms
  3 scorpions
  3 hounds
  A jelly (D:5)
  3 orc priests
  2 iguanas
  6 orc wizards
  A malarious merfolk avatar (Sewer)
  A sickly merfolk siren (Sewer)
  13 gnolls
  4 adders
  5 river rats
  A white imp (D:5)
  A worm (D:4)
  A dart slug (D:2)
  20 orcs
  4 endoplasms
  10 giant cockroaches
  4 hobgoblins
  4 jackals
  6 quokkas
  10 ball pythons
  3 bats (D:1)
  9 frilled lizards
  6 kobolds
  22 rats
153 creatures vanquished.

Vanquished Creatures (collateral kills)
  A scorpion (D:6)
  A jelly (D:6)
  2 orcs (D:6)
4 creatures vanquished.

Vanquished Creatures (others)
  2 ancestors (D:6)
2 creatures vanquished.

Grand Total: 159 creatures vanquished

Notes
Turn   | Place    | Note
-------+----------+-------------------------------------------
     0 | D:1      | Newt the Kobold Hunter began the quest for the Orb.
     0 | D:1      | Reached XP level 1. HP: 12/12 MP: 1/1
    42 | D:1      | You fall into a shaft and drop 1 floor!
   190 | D:1      | Reached XP level 2. HP: 18/18 MP: 2/2
   337 | D:1      | Found a faded altar of an unknown god.
   453 | D:1      | Reached XP level 3. HP: 23/23 MP: 3/3
  1454 | D:3      | Reached XP level 4. HP: 30/30 MP: 4/4
  1761 | D:3      | Noticed Sigmund
  1766 | D:3      | Killed Sigmund
  1767 | D:3      | Reached skill level 5 in Fighting
  1767 | D:3      | Reached skill level 7 in Ranged Weapons
  1767 | D:3      | Reached XP level 5. HP: 21/35 MP: 5/5
  1767 | D:3      | Reached XP level 6. HP: 24/40 MP: 6/6
  1818 | D:3      | Reached skill level 8 in Ranged Weapons
  2515 | D:4      | Found a staircase to the Ecumenical Temple.
  2674 | D:4      | Found a glowing drain.
  2680 | Sewer    | Entered a sewer
  2821 | Sewer    | Reached XP level 7. HP: 44/44 MP: 7/7
  3100 | Sewer    | Reached skill level 9 in Ranged Weapons
  3327 | Temple   | Entered the Ecumenical Temple
  3506 | Temple   | Became a worshipper of Hepliaklqana the Forgotten
  3751 | D:4      | Reached skill level 10 in Ranged Weapons
  4368 | D:5      | Entered Level 5 of the Dungeon
  4402 | D:5      | Reached XP level 8. HP: 49/49 MP: 8/8
  4472 | D:5      | Reached skill level 5 in Dodging
  4682 | D:5      | Reached skill level 1 in Evocations
  5217 | D:5      | Reached skill level 5 in Evocations
  5314 | D:5      | Found a shimmering blue altar of Sif Muna.
  5359 | D:5      | Reached * piety under Hepliaklqana
  5641 | D:6      | Found Buwih's Magic Scroll Shoppe.
  5644 | D:6      | Bought 3 scrolls of identify for 84 gold pieces
  5693 | D:6      | Reached XP level 9. HP: 48/48 MP: 9/9
  5729 | D:6      | Reached skill level 11 in Ranged Weapons
  5863 | D:6      | Reached skill level 12 in Ranged Weapons
  5916 | D:6      | Slain by an orc warrior

Illustrated notes

Levels and vault maps discovered:
D:1:      lightli_molten_gateway, layout_rooms, dreamdust_ecumenical_altar_grove
D:2:      layout_basic
D:3:      layout_basic, uniq_sigmund
D:4:      layout_gridville, minmay_temple_entry_nine_rooms, portal_sewer_entry_b
D:5:      layout_rooms, nicolae_sif_muna_little_library
D:6:      nicolae_cairo_tiling_large, layout_rooms, nicolae_stop_n_shop_1,
          amcnicky_mini_pool_small
Temple:   kilobyte_greek_temple

Skill      XL: |  1  2  3  4  5  6  7  8  9 |
---------------+----------------------------+-----
Fighting       | 3 4 5 |  5.0
Ranged Weapons | 7 8 10 12 | 12.1
Dodging        | 4 6 |  6.0
Evocations     | 6 |  6.0
Stealth        | |  1.3

Action                     |  1- 3 |  4- 6 |  7- 9 || total
---------------------------+-------+-------+-------++-------
  Melee: Shortbow          |       |    10 |     1 ||    11
   Fire: Shortbow          |    68 |   103 |   312 ||   483
    Use: Scroll            |     6 |     4 |     5 ||    15
         Potion            |       |     1 |     1 ||     2
 Armour: Leather armour    |     2 |    12 |    40 ||    54
         Skin              |       |       |     2 ||     2
  Dodge: Dodged            |    20 |    38 |   133 ||   191

Table legend: (Time is in decaauts)
 A = Elapsed time spent in this place.
 B = Non-inter-level travel time spent in this place.
 C = Inter-level travel time spent in this place.
 D = Time resting spent in this place.
 E = Time spent auto-exploring this place.
 F = Levels seen in this place.
 G = Mean time per level.
                   A        B        C        D        E       F      G
               +--------+--------+--------+--------+--------+-----+--------+
         Total |   6035 |   5601 |    434 |   1064 |   3535 |   8 |  754.4 |
       Dungeon |   5194 |   4794 |    400 |    904 |   3045 |   6 |  865.7 |
        Temple |    213 |    179 |     34 |      0 |    171 |   1 |  213.0 |
         Sewer |    627 |    627 |      0 |    160 |    319 |   1 |  627.0 |
               +--------+--------+--------+--------+--------+-----+--------+

Top non-repeatable levels by time:
     D:5: 1280 daAuts
     D:3: 1156 daAuts
     D:4: 1116 daAuts
     D:2: 735 daAuts
     D:1: 631 daAuts
   Sewer: 627 daAuts
     D:6: 274 daAuts
  Temple: 213 daAuts
